 Dungeon Crawl Stone Soup version 0.29.1-1-gd02db6906a (webtiles) character file.

Game seed: 931803798006781670

3528 ImASeal the Fighter (level 9, -5/105 HPs)
             Began as a Troll Fighter on Oct 18, 2022.
             Was a Believer of Makhleb.
             Slain by Grum
             ... wielding a +0 spear
              (17 damage)
             ... on level 8 of the Dungeon.
             The game lasted 00:18:50 (6838 turns).

ImASeal the Fighter (Troll Fighter)                 Turns: 6838, Time: 00:18:51

Health: -5/105     AC:  6    Str: 30    XL:     9   Next: 82%
Magic:  8/8        EV:  8    Int: 10    God:    Makhleb [**....]
Gold:   371        SH:  7    Dex:  9    Spells: 8/8 levels left

rFire   . . .      SeeInvis .   a - +0 trident
rCold   . . .      Faith    .   c - +0 kite shield
rNeg    . . .      Spirit   .   J - +0 troll leather armour
rPois   .          Reflect  .   (helmet restricted)
rElec   .          Harm     .   (no cloak)
rCorr   .          Rampage  .   (gloves unavailable)
Will    .....                   (boots unavailable)
Stlth   +.........              r - amulet of regeneration
HPRegen 2.67/turn               j - +6 ring of intelligence
MPRegen 0.11/turn               A - +4 ring of slaying

@: no status effects
A: large, unfitting armour, claws 3, regeneration 1, shaggy fur 1, tough skin 1
a: Renounce Religion, Minor Destruction


You were on level 8 of the Dungeon.
You worshipped Makhleb.
Makhleb was pleased with you.
You visited 2 branches of the dungeon, and saw 9 of its levels.

You collected 371 gold pieces.

Inventory:

Hand Weapons
 a - a +0 trident (weapon)
 s - a +0 longbow
Missiles
 g - 56 stones (quivered)
 n - a throwing net
 v - 5 poisoned darts
 z - 6 curare-tipped darts
Armour
 c - a +0 kite shield (worn)
 C - a +1 robe of willpower
 J - a +0 troll leather armour (worn)
 O - +0 steam dragon scales
Jewellery
 j - a +6 ring of intelligence (left claw)
 r - an amulet of regeneration (around neck)
 A - a +4 ring of slaying (right claw)
 D - an amulet of regeneration
 L - an amulet of the acrobat
 N - a +6 ring of intelligence
Wands
 o - a wand of flame (11)
 u - a wand of polymorph (8)
 w - a wand of roots (4)
 H - a wand of quicksilver (5)
Scrolls
 b - 3 scrolls of fear {unknown}
 e - 7 scrolls of identify
 i - a scroll of vulnerability {unknown}
 m - a scroll of torment {unknown}
 p - a scroll of brand weapon {unknown}
 q - 3 scrolls of amnesia
 y - 3 scrolls of butterflies {unknown}
 B - 3 scrolls of poison {unknown}
 F - 2 scrolls of noise {unknown}
 G - 2 scrolls of enchant weapon {unknown}
 I - 2 scrolls of blinking {unknown}
Potions
 d - a potion of might
 f - a potion of mutation {unknown}
 h - a potion of curing
 k - a potion of lignification {unknown}
 l - 2 potions of degeneration
 t - a potion of berserk rage {unknown}
 x - a potion of brilliance {unknown}
 E - 2 potions of flight {unknown}
 K - a potion of heal wounds {unknown}
 M - a potion of haste {unknown}


   Skills:
 + Level 11.1 Fighting
 - Level 4.6 Polearms
 - Level 2.4 Dodging
 + Level 3.5 Shields


You had 8 spell levels left.
You didn't know any spells.
Your spell library contained the following spells:

 Spells                   Type           Power      Damage    Failure   Level
 Beastly Appendage        Tmut           0%         N/A       69%         1
 Sandblast                Erth           0%         2d4       69%         1
 Passwall                 Tmut/Erth      0%         N/A       83%         2
 Wereblood                Tmut           0%         N/A       83%         2
 Frozen Ramparts          Ice            0%         1d1       96%         3
 Spider Form              Tmut/Pois      0%         N/A       96%         3
 Stone Arrow              Conj/Erth      0%         3d7       96%         3
 Corpse Rot               Necr/Pois/Air  0%         N/A       100%        4
 Dispel Undead            Necr           0%         3d6       100%        4
 Hailstorm                Conj/Ice       0%         3d3       100%        4
 Ice Form                 Ice/Tmut       0%         N/A       100%        4
 Summon Ice Beast         Ice/Summ       0%         N/A       100%        4
 Death Channel            Necr           0%         N/A       100%        6
 Spellforged Servitor     Conj/Summ      0%         N/A       100%        7


Dungeon Overview and Level Annotations

Branches:
Dungeon (8/15)             Temple (1/1) D:6
   Lair: D:8-11

Altars:
Ashenzari
Dithmenos
Elyvilon
Fedhas
Gozag
Hepliaklqana
Kikubaaqudgha
Makhleb
Nemelex Xobeh
Okawaru
Qazlal
Ru
Sif Muna
Uskayaw
Vehumet
Wu Jian
Xom
Yredelemnul
Zin
The Shining One

Shops:
D:1 [   D:5 =

Annotations:
D:5 exclusion: oklob plant
D:8 Grum


Innate Abilities, Weirdness & Mutations

You are too large for most types of armour.
You have claws for hands.
Your natural rate of healing is unusually fast.
You are covered in fur. (AC +1)
You have tough skin. (AC +1)


Message History

The wolf attacks as you move away! You block the wolf's attack.
The wolf bites you! The wolf attacks as you move away! The wolf bites you.
You block the wolf's attack. The wolf attacks as you move away!
The wolf bites you. x2
Items here: ))) [ ÷.
The wolf attacks as you move away! The wolf bites you but does no damage.
Items here: )) [[ ÷÷.
The wolf attacks as you move away! The wolf bites you. x2
You puncture the wolf!
The wolf is heavily wounded.
The wolf barely misses you. The wolf bites you!
You hit the wolf but do no damage.
The wolf is heavily wounded.
The wolf bites you but does no damage. Grum barely misses you.
You block the wolf's attack.
You puncture the wolf!
The wolf is severely wounded.
The wolf bites you but does no damage. You block Grum's attack.
The wolf closely misses you.
Grum hits you from afar with a +0 spear!
You closely miss the wolf.
The wolf is severely wounded.
The wolf bites you. x2
Grum hits you from afar with a +0 spear!
* * * LOW HITPOINT WARNING * * *
You block the wolf's attack.
You puncture the wolf!
You kill the wolf!
Makhleb accepts your kill.
You feel better.
Grum hits you from afar with a +0 spear!
* * * LOW HITPOINT WARNING * * *
Grum hits you with a +0 spear!
* * * LOW HITPOINT WARNING * * *
Items here: )) [[ ÷÷ †.
You puncture Grum!
Grum is lightly wounded.
Grum hits you with a +0 spear!
You die...

#####.............
##................
......##......[.##.
#...........###..#
.....#......# #..
........g#### #.
.......#.#
.......#.##########.##
...........hg@........
#..##.......########.#
#.#.........##......
#...##.........### .##
#..####<....# ...#
#####..# .... .# .###


You could see Grum and a wolf.

Vanquished Creatures
  A wraith (D:6)
  2 wyverns
  2 steam dragons
  3 water moccasins
  2 ice beasts
  2 orc warriors (D:7)
  3 black bears (D:6)
  An ogre (D:6)
  A phantom (D:6)
  3 wolves (D:8)
  2 kobold brigands
  A necrophage (D:5)
  A scorpion (D:5)
  2 bullfrogs
  4 wights (D:7)
  A howler monkey (D:5)
  A gnoll bouda (D:7)
  2 hounds
  3 jellies
  4 orc priests
  An iguana (D:5)
  12 orc wizards
  3 gnolls (D:7)
  3 adders
  6 river rats (D:5)
  2 white imps
  An ufetubus (D:7)
  A worm (D:3)
  2 dart slugs (D:1)
  20 orcs
  3 bats
  6 endoplasms
  4 giant cockroaches
  5 goblins
  3 hobgoblins
  5 jackals
  18 kobolds
  2 quokkas (D:2)
  6 ball pythons
  19 rats
163 creatures vanquished.

Vanquished Creatures (others)
  An ufetubus (D:5)
  11 fungi (D:5)
  23 plants (D:5)
35 creatures vanquished.

Grand Total: 198 creatures vanquished

Notes
Turn   | Place    | Note
-------+----------+-------------------------------------------
     0 | D:1      | ImASeal the Troll Fighter began the quest for the Orb.
     0 | D:1      | Reached XP level 1. HP: 22/22 MP: 0/0
    81 | D:1      | Reached skill level 3 in Fighting
    81 | D:1      | Reached XP level 2. HP: 31/31 MP: 1/1
   234 | D:1      | Found Wean's Antique Armour Boutique.
   775 | D:2      | Reached XP level 3. HP: 37/37 MP: 2/2
  1700 | D:3      | Found a faded altar of an unknown god.
  1725 | D:3      | Identified the +3 chain mail of the Cicada {Harm rF+ Str+4
                  | SInv}
  1774 | D:3      | Reached skill level 4 in Fighting
  1803 | D:3      | Reached XP level 4. HP: 34/48 MP: 3/3
  2691 | D:4      | Noticed a kobold brigand
  2734 | D:4      | HP: 2/49 [asphyx]
  2747 | D:4      | Killed a kobold brigand
  2748 | D:4      | Reached skill level 5 in Fighting
  2748 | D:4      | Reached XP level 5. HP: 20/57 MP: 4/4
  2921 | D:4      | Reached XP level 6. HP: 60/67 MP: 5/5
  3275 | D:5      | Entered Level 5 of the Dungeon
  3275 | D:5      | Found Nuumupt's Jewellery Emporium.
  3315 | D:5      | Noticed an ice beast
  3316 | D:5      | Noticed a water moccasin
  3337 | D:5      | Noticed a steam dragon
  3342 | D:5      | Found a blossoming altar of Fedhas.
  3423 | D:5      | Reached skill level 6 in Fighting
  3479 | D:5      | Killed an ice beast
  3482 | D:5      | Killed a steam dragon
  3483 | D:5      | Reached skill level 7 in Fighting
  3483 | D:5      | Reached XP level 7. HP: 28/78 MP: 6/6
  3578 | D:5      | Got the Quarto of Virous Concussion
  3656 | D:5      | Reached skill level 8 in Fighting
  3780 | D:5      | Reached XP level 8. HP: 82/88 MP: 7/7
  3934 | D:5      | Found a shadowy altar of Dithmenos.
  4057 | D:5      | Noticed an oklob plant
  4670 | D:6      | Found a broken altar of Ashenzari.
  4703 | D:6      | Reached skill level 9 in Fighting
  4747 | D:6      | Found a staircase to the Ecumenical Temple.
  4756 | Temple   | Entered the Ecumenical Temple
  4791 | Temple   | Became a worshipper of Makhleb the Destroyer
  5048 | D:6      | Found a shimmering blue altar of Sif Muna.
  5083 | D:6      | Found an opulent altar of Gozag.
  5314 | D:6      | Found a glowing golden altar of the Shining One.
  5432 | D:7      | Reached skill level 10 in Fighting
  5432 | D:7      | Reached XP level 9. HP: 79/101 MP: 8/8
  5601 | D:7      | Found a sparkling altar of Nemelex Xobeh.
  5808 | D:7      | Found a glowing silver altar of Zin.
  5816 | D:7      | Found a hazy altar of Hepliaklqana.
  5969 | D:7      | Found a shimmering altar of Xom.
  5978 | D:7      | Reached * piety under Makhleb
  6714 | D:8      | Found a basalt altar of Yredelemnul.
  6760 | D:8      | Found a hide-covered altar of Uskayaw.
  6784 | D:8      | Noticed Grum
  6804 | D:8      | Reached ** piety under Makhleb
  6805 | D:8      | Reached skill level 11 in Fighting
  6838 | D:8      | Slain by Grum

Illustrated notes

Levels and vault maps discovered:
D:1:      minmay_arrival_open_corners, layout_basic, serial_shops, shop,
          minmay_split_cup_large
D:2:      layout_loops_ring, serial_rivers, chequers_serial_rivers_small_a,
          chequers_serial_rivers_micro_b, chequers_serial_rivers_micro_a,
          chequers_serial_rivers_micro_c, nicolae_figureground_sparkle
D:3:      layout_basic, basic_ecumenical_altar
D:4:      cheibrodos_thug_alley, layout_loops_cross
D:5:      layout_rooms, tgw_fedhas, nicolae_overflow_hidden_temple,
          serial_shops, shop, dk_rats_in_the_wall
D:6:      layout_rooms, old_standard_altar, tso_oasis_becter,
          mainiacjoe_overflow_boulevard, nicolae_ashenzari_panopticon,
          minmay_temple_entry_junction
D:7:      layout_loops_corners, kennysheep_mini_moat,
          mainiacjoe_overflow_concentric_impassable,
          mainiacjoe_overflow_brackets, mainiacjoe_overflow_alcove_2
D:8:      layout_rooms, chequers_temple_overflow_statue_of_worship,
          worms_lemuel, uniq_grum
Temple:   nicolae_temple_ecumenical_triangle

Skill      XL: |  1  2  3  4  5  6  7  8  9 |
---------------+----------------------------+-----
Fighting       | 3 4 5 7 8 10 11 | 11.1
Polearms       | 2 4 |  4.6
Shields        | 3 |  3.5
Dodging        | |  2.4

Action                   |  1- 3 |  4- 6 |  7- 9 || total
-------------------------+-------+-------+-------++-------
Melee: Trident           |   121 |   199 |   484 ||   804
Throw: Stone             |       |     5 |    30 ||    35
  Use: Potion            |       |     6 |     5 ||    11
       Scroll            |       |     2 |     3 ||     5
 Stab: Sleeping          |     1 |       |       ||     1
Armor: Robe              |    38 |    63 |    60 ||   161
       Troll leather arm |       |       |    54 ||    54
Dodge: Dodged            |    44 |    72 |   141 ||   257
Block: Kite shield       |    50 |    65 |   134 ||   249
